 Dungeon Crawl Stone Soup version 0.21-a0-221-gfe971b9 (webtiles) character file.

1002 4thArraOfDagon the Chopper (level 8, 24/70 HPs)
             Began as a Minotaur Abyssal Knight on Aug 24, 2017.
             Was a Believer of Lugonu.
             Quit the game on level 9 of the Dungeon.
             The game lasted 00:09:10 (2339 turns).

4thArraOfDagon the Chopper (MiAK)                   Turns: 2339, Time: 00:09:11

Health: 24/70      AC: 10    Str: 16 (18) XL:     8   Next: 0%
Magic:  9/9        EV: 11    Int: 11      God:    Lugonu [**....]
Gold:   265        SH:  0    Dex:  6 (9)  Spells: 7/7 levels left

rFire    . . .     SeeInvis .   a - +1 hand axe
rCold    + . .     Gourm    .   (no shield)
rNeg     . . .     Faith    +   i - +2 ring mail {rC+}
rPois    +         Spirit   .   (helmet restricted)
rElec    .         Reflect  .   (no cloak)
rCorr    .         Harm     .   e - +1 pair of gloves
MR       .....                  (no boots)
Stlth    ..........             t - amulet of faith
HPRegen  0.21/turn              v - ring of wizardry
MPRegen  0.11/turn              n - ring of poison resistance

@: no status effects
A: retaliatory headbutt, horns 2
a: Depart the Abyss, Bend Space, Renounce Religion


You were on level 9 of the Dungeon.
You worshipped Lugonu.
Lugonu was pleased with you.
You were full.

You visited 1 branch of the dungeon, and saw 9 of its levels.
You visited the Abyss 1 time.

You collected 265 gold pieces.

Inventory:

Hand Weapons
 a - a +1 hand axe (weapon)
Armour
 b - a +0 leather armour
 e - a +1 pair of gloves (worn)
 i - a +2 ring mail of cold resistance (worn)
Jewellery
 d - an uncursed ring of resist corrosion
 n - a ring of poison resistance (right hand)
 t - an amulet of faith (around neck)
 v - a ring of wizardry (left hand)
Wands
 k - a wand of iceblast (3/15)
 w - a wand of flame (0/48)
 y - a wand of iceblast (0/15)
 A - a wand of lightning (6/15)
Scrolls
 z - a scroll of remove curse
Potions
 g - a potion of curing
 j - 2 potions of lignification
 p - a potion of heal wounds
 s - a potion of degeneration
Books
 f - a book of Geomancy

   Spells                             Type                      Level
   a - Sandblast                      Earth                        1
   b - Passwall                       Transmutation/Earth          2
   c - Stone Arrow                    Conjuration/Earth            3
   d - Petrify                        Transmutation/Earth          4
   e - Lee's Rapid Deconstruction     Earth                        5
Comestibles
 c - 3 bread rations
 h - 2 royal jellies
 o - a meat ration


   Skills:
 + Level 6.0 Fighting
 * Level 7.2 Axes
 + Level 4.8 Armour
 + Level 3.7 Dodging
 + Level 3.8 Invocations


You had 7 spell levels left.
You didn't know any spells.

Dungeon Overview and Level Annotations

Branches:
Dungeon (8/15)
 Temple: D:4-7         Lair: D:8-11

Altars:
Hepliaklqana
Nemelex Xobeh
Ru
Wu Jian


Innate Abilities, Weirdness & Mutations

You reflexively headbutt those who attack you in melee.
You have a pair of horns on your head.


Message History

The yak is severely wounded.
The yak gores you.
A yak comes into view.
You barely miss the yak.
The yak is severely wounded.
The yak bellows!
The yak gores you!
You barely miss the yak. Your headbutt misses the yak.
The yak is severely wounded.
The yak gores you but does no damage.
You hit the yak.
The yak is severely wounded.
The yak gores you!
You closely miss the yak.
The yak is severely wounded.
You hit the yak but do no damage.
The yak is severely wounded.
The yak gores you.
A yak comes into view.
Are you sure you want to abandon this character and quit the game? (Confirm with "yes".)

........
......
.....>
###
....#
#@#
#...#
#Y#
#...#
#Y#
#...#
#(#
#..Y#
#.#
#...#
#(#
#...#
#.#
#...#
#Y#
#...#
#.#


You could see 3 yaks.

Vanquished Creatures
  A sky beast (D:8)
  An ice beast (D:6)
  An ogre (D:6)
  A bullfrog (D:6)
  2 scorpions
  6 killer bees (D:9)
  2 howler monkeys
  A crimson imp (D:5)
  A hound (D:6)
  An iguana (D:6)
  Ijyb (D:5)
  A hound zombie (D:6)
  5 adders
  A gnoll (D:4)
  An ooze (D:3)
  An adder skeleton (D:2)
  2 worms
  A dart slug (D:1)
  A leopard gecko (D:6)
  5 orcs
  3 ball pythons
  3 giant cockroaches
  3 goblins
  5 hobgoblins
  2 jackals (D:8)
  A quokka (D:5)
  3 bats
  3 frilled lizards
  A giant cockroach zombie (D:5)
  2 kobolds (D:2)
  A leopard gecko zombie (D:2)
  A quokka skeleton (D:2)
  A quokka zombie (D:5)
  3 rats
68 creatures vanquished.

Vanquished Creatures (others)
  A giant cockroach (D:1)
1 creature vanquished.

Grand Total: 69 creatures vanquished

Notes
Turn   | Place    | Note
-------+----------+-------------------------------------------
     0 | Abyss:1  | 4thArraOfDagon the Minotaur Abyssal Knight began the quest for the Orb.
     0 | Abyss:1  | Reached XP level 1. HP: 19/19 MP: 1/1
    75 | Abyss:3  | Noticed a chaos spawn
   106 | Abyss:4  | Noticed a large abomination
   109 | Abyss:4  | Noticed a thrashing horror
   109 | Abyss:4  | Noticed a thrashing horror
   110 | D:1      | Escaped the Abyss
   374 | D:2      | Reached XP level 2. HP: 16/27 MP: 2/2
   498 | D:2      | Reached * piety under Lugonu
   514 | D:2      | Reached skill level 3 in Axes
   526 | D:2      | Found a sparkling altar of Nemelex Xobeh.
   573 | D:2      | Found a hazy altar of Hepliaklqana.
   596 | D:3      | Reached XP level 3. HP: 31/33 MP: 3/3
   864 | D:3      | Reached XP level 4. HP: 40/40 MP: 4/4
   889 | D:3      | Reached skill level 4 in Axes
   967 | D:4      | Noticed an ogre
  1042 | D:5      | Entered Level 5 of the Dungeon
  1157 | D:4      | Reached XP level 5. HP: 32/47 MP: 5/5
  1204 | D:5      | Reached ** piety under Lugonu
  1265 | D:5      | Found an ornate altar of the Wu Jian Council.
  1309 | D:6      | Noticed an orc warrior
  1340 | D:5      | Noticed Ijyb
  1353 | D:5      | Killed Ijyb
  1353 | D:5      | Reached skill level 5 in Axes
  1357 | D:5      | Found a sparkling altar of Nemelex Xobeh.
  1403 | D:6      | Noticed an ogre
  1407 | D:6      | Reached XP level 6. HP: 44/55 MP: 5/7
  1408 | D:6      | Reached skill level 5 in Fighting
  1588 | D:6      | Reached skill level 6 in Axes
  1588 | D:6      | Reached XP level 7. HP: 16/61 MP: 8/8
  1595 | D:6      | Found a sacrificial altar of Ru.
  2001 | D:8      | You fall through a shaft!
  2035 | D:9      | Reached skill level 7 in Axes
  2043 | D:9      | Reached XP level 8. HP: 38/70 MP: 9/9
  2339 | D:9      | Quit the game

Vault maps used:
D:1:      scummos_arrival_gate, lemuel_flame_loot_1
D:2:      nicolae_overflow_crystal_walls, elyvilon_altar_1,
          lemuel_crystal_altar, serial_undead, serial_undead_d, serial_undead_d,
          serial_undead_c, serial_undead_c, minmay_fountain_box,
          grunt_ministairs_1, lemuel_tele_altar
D:3:      cheibriados_altar_1, first_bread
D:4:      kennysheep_mini, cheibrodos_gnoll_hut
D:5:      lemuel_doored_altar, makhleb_heckhound_becter,
          nemelex_xobeh_ov_fountains_minmay, nicolae_qazlal_eye_of_the_storm,
          uniq_ijyb
D:6:      lemuel_coloured_pillars_altar, kennysheep_generic_room_10
D:7:      brannock_xom_greatest_gift, minmay_temple_entry_purple_smoke,
          serial_shops, shop, uniq_crazy_yiuf_cottage
D:8:      kennysheep_steamy, erik_lair_dragon
D:9:      grunt_temple_overflow_holy_war, okawaru_altar_gauntlet_db,
          fiery_altar_vehumet, erik_orc_3, hangedman_pestilent_swarm,
          minmay_ruined_shrine
Abyss:4:  gammafunk_abyss_exit_x_factor,
          due_evilmike_abyss_rune_seething_liches, hangedman_abyss_exit_choices

Skill      XL: |  1  2  3  4  5  6  7 |
---------------+----------------------+-----
Fighting       | 4 5 6 |  6.0
Axes           | 3 4 5 6 7 |  7.2
Armour         | 3 4 |  4.8
Invocations    | 2 3 |  3.8
Dodging        | 2 3 |  3.7

Action                   |  1- 3 |  4- 6 |  7- 9 || total
-------------------------+-------+-------+-------++-------
Melee: Hand axe          |    66 |    90 |    44 ||   200
       Headbutt          |     8 |    15 |     2 ||    25
Throw: Tomahawk          |       |       |     4 ||     4
Invok: Depart the Abyss  |     1 |       |       ||     1
Evoke: Wand              |       |     6 |    11 ||    17
  Use: Scroll            |     1 |     1 |     4 ||     6
       Potion            |       |       |     6 ||     6
  Eat: Chunk             |       |     2 |     1 ||     3
       Meat ration       |       |       |     1 ||     1
       Fruit             |       |       |     1 ||     1
Armor: Ring mail         |    28 |    42 |    18 ||    88
       Leather armour    |     1 |       |       ||     1
       Skin              |       |       |    37 ||    37
Dodge: Dodged            |    34 |    50 |    27 ||   111

Table legend:
 A = Spawn XP
 B = Non-spawn XP
 C = Spawn XP percentage of total XP
 D = Spawn monster count
 E = Non-spawn monster count
 F = Spawn count percentage of total count
 G = Total turns spent on level
                    A         B        C        D         E        F      G
               +---------+---------+-------+---------+---------+-------+---------
         Total |     138 |    1294 |   9.6 |       4 |      64 |   5.9 |  2339
               +---------+---------+-------+---------+---------+-------+---------
           D:1 |       1 |       9 |  10.0 |       1 |       4 |  20.0 |   292
           D:2 |       1 |      51 |   1.9 |       1 |      15 |   6.2 |   355
           D:3 |       0 |      63 |   0.0 |       0 |      13 |   0.0 |   194
           D:4 |      14 |      65 |  17.7 |       1 |       5 |  16.7 |   146
           D:5 |       0 |     152 |   0.0 |       0 |      10 |   0.0 |   288
           D:6 |     122 |     383 |  24.2 |       1 |       7 |  12.5 |   457
           D:8 |       0 |     202 |   0.0 |       0 |       4 |   0.0 |   136
           D:9 |       0 |     369 |   0.0 |       0 |       6 |   0.0 |   338
               +---------+---------+-------+---------+---------+-------+---------
